 Dungeon Crawl Stone Soup version 0.29.1-2-gbd0b4ee654 (webtiles) character file.

Game seed: 11692894775078912930

824 warriortoast the Digger (level 7, -1/38 HPs)
             Began as a Gargoyle Earth Elementalist on Nov 2, 2022.
             Was a Follower of Cheibriados.
             Slain by Prince Ribbit (4 damage)
             ... on level 6 of the Dungeon.
             The game lasted 00:21:24 (6506 turns).

warriortoast the Digger (GrEE)                      Turns: 6506, Time: 00:21:24

Health: -1/38      AC: 10    Str: 15    XL:     7   Next: 96%
Magic:  2/12       EV: 15    Int: 18    God:    Cheibriados [*.....]
Gold:   322        SH:  0    Dex: 12    Spells: 7/13 levels left

rFire   . . .      SeeInvis .   x - +2 morningstar
rCold   . . .      Faith    .   (no shield)
rNeg    + + .      Spirit   .   B - +1 leather armour {rN+}
rPois   ∞          Reflect  .   (no helmet)
rElec   +          Harm     .   o - +0 cloak
rCorr   .          Rampage  .   (no gloves)
Will    .....                   (no boots)
Stlth   ++........              (no amulet)
HPRegen 0.12/turn               r - +4 ring of evasion
MPRegen 0.13/turn               (no ring)

@: mighty, very slow
A: sickness immunity, AC +4, negative energy resistance 1, electricity
resistance, torment resistance 1, petrification resistance
a: Renounce Religion, Bend Time


You were on level 6 of the Dungeon.
You worshipped Cheibriados.
Cheibriados was aware of your devotion.
You visited 2 branches of the dungeon, and saw 7 of its levels.

You collected 322 gold pieces.

Inventory:

Hand Weapons
 k - a +0 long sword
 v - a +0 mace
 x - a +2 morningstar (weapon)
Armour
 a - a +0 robe
 d - a scarf of shadows
 g - a +0 plate armour
 o - a +0 cloak (worn)
 w - a +0 chain mail of willpower
 z - a +1 robe of positive energy
 B - a +1 leather armour of positive energy (worn)
Jewellery
 r - a +4 ring of evasion (left hand)
Wands
 y - a wand of flame (16)
 C - a wand of roots (14)
Scrolls
 e - a scroll of enchant armour {unknown}
 f - a scroll of poison
 m - a scroll of teleportation
 t - a scroll of noise {unknown}
 A - a scroll of immolation {unknown}
Potions
 c - 3 potions of curing
 h - a potion of cancellation
 i - 2 potions of attraction
 p - 2 potions of might
 q - 2 potions of haste
 u - a potion of resistance


   Skills:
 - Level 1.5 Fighting
 - Level 1.3 Maces & Flails
 - Level 1.4 Armour
 - Level 1.5 Dodging
 + Level 4.4 Stealth
 + Level 3.8 Spellcasting
 + Level 3.7 Conjurations
 + Level 3.0 Transmutations
 + Level 5.6 Earth Magic


You had 7 spell levels left.
You knew the following spells:

 Your Spells              Type           Power      Damage    Failure   Level
a - Sandblast             Erth           46%        2d11      1%          1
b - Passwall              Tmut/Erth      15%        N/A       4%          2
c - Stone Arrow           Conj/Erth      40%        3d9       8%          3

Your spell library contained the following spells:

 Spells                   Type           Power      Damage    Failure   Level
 Petrify                  Tmut/Erth      19%        N/A       30%         4
 Ozocubu's Armour         Ice            3%         N/A       50%         3
 Irradiate                Conj/Tmut      7%         3d14      77%         5
 Ozocubu's Refrigeration  Ice            1%         4d7       100%        7
 Sublimation of Blood     Necr           Unusable   N/A       N/A         2

Dungeon Overview and Level Annotations

Branches:
Dungeon (6/15)             Temple (1/1) D:4

Altars:
Ashenzari
Cheibriados
Dithmenos
Elyvilon
Fedhas
Makhleb
Nemelex Xobeh
Okawaru
Qazlal
Sif Muna
Trog
Vehumet
Xom
Yredelemnul
Zin

Annotations:
D:6 Prince Ribbit


Innate Abilities, Weirdness & Mutations

You are immune to sickness and miasma.
Your stone body is resilient. (AC +4)
You are immune to poison.
You resist negative energy. (rN+)
You are resistant to electric shocks. (rElec)
You are resistant to unholy torment.
You are immune to petrification.


Message History

Prince Ribbit hits you!
Casting: Stone Arrow (dangerous; 9% risk of failure)
Confirm with . or Enter, or press ? or * to list all spells.
Aiming: Stone Arrow (dangerous; 9% risk of failure)
Press: ? - help, Shift-Dir - straight line, f - adder, p - Prince Ribbit
Aim: an adder (53% to hit)
The stone arrow misses the adder.
The adder misses you.
Prince Ribbit lets out a mournful croak.
Prince Ribbit barely misses you. The adder barely misses you.
Casting: Stone Arrow (dangerous; 9% risk of failure)
Confirm with . or Enter, or press ? or * to list all spells.
Aiming: Stone Arrow (dangerous; 9% risk of failure)
Press: ? - help, Shift-Dir - straight line, f/p - adder
Aim: an adder (53% to hit)
The stone arrow hits the adder!
You kill the adder!
Cheibriados appreciates the change of pace.
Prince Ribbit barely misses you.
Prince Ribbit hits you but does no damage.
Your Transmutations skill increases to level 3!
Casting: Stone Arrow (dangerous; 8% risk of failure)
Confirm with . or Enter, or press ? or * to list all spells.
Aiming: Stone Arrow (dangerous; 8% risk of failure)
Press: ? - help, Shift-Dir - straight line, f - Prince Ribbit
Aim: Prince Ribbit (lightly wounded, 50% to hit)
The stone arrow misses Prince Ribbit.
Prince Ribbit hits you but does no damage.
Unknown command.
You barely miss Prince Ribbit.
Prince Ribbit is lightly wounded.
Prince Ribbit hits you. Prince Ribbit hits you!
You miss Prince Ribbit.
Prince Ribbit is lightly wounded.
Prince Ribbit hits you!
* * * LOW HITPOINT WARNING * * *
Prince Ribbit hits you but does no damage.
You hit Prince Ribbit.
Prince Ribbit is lightly wounded.
Prince Ribbit closely misses you. Prince Ribbit hits you.
You die...

....# #...#
#...####
#......# #
#......#
#.##......#
#...F.....#
#@.....#
##......#
#####.#


You could see Prince Ribbit.

Vanquished Creatures
  A steam dragon (D:4)
  Menkaure (D:4)
  A black bear (D:4)
  2 scorpions (D:4)
  A jelly (D:4)
  A gnoll bouda (D:5)
  2 orc priests
  Jessica (D:3)
  An iguana (D:4)
  2 gnolls (D:5)
  3 adders
  2 ufetubi (D:5)
  3 worms
  2 dart slugs
  17 orcs
  15 ball pythons
  6 bats
  6 endoplasms
  5 giant cockroaches
  10 goblins
  8 hobgoblins
  7 kobolds
  2 quokkas
  5 frilled lizards
  2 rats
106 creatures vanquished.

Vanquished Creatures (others)
  An endoplasm (D:4)
  2 fungi (D:3)
  5 toadstools (D:3)
8 creatures vanquished.

Grand Total: 114 creatures vanquished

Notes
Turn   | Place    | Note
-------+----------+-------------------------------------------
     0 | D:1      | warriortoast the Gargoyle Earth Elementalist began the
                  | quest for the Orb.
     0 | D:1      | Reached XP level 1. HP: 10/10 MP: 3/3
   218 | D:1      | Reached skill level 1 in Transmutations
   280 | D:1      | Reached XP level 2. HP: 15/15 MP: 3/5
   450 | D:1      | Reached skill level 1 in Conjurations
   663 | D:1      | Reached skill level 4 in Earth Magic
   663 | D:1      | Reached XP level 3. HP: 19/19 MP: 4/6
  1397 | D:2      | Found a faded altar of an unknown god.
  1438 | D:2      | Reached XP level 4. HP: 24/24 MP: 1/7
  3437 | D:3      | Noticed Jessica
  4032 | D:3      | Killed Jessica
  4033 | D:3      | Reached XP level 5. HP: 16/28 MP: 7/9
  4289 | D:4      | Found a shimmering altar of Xom.
  4294 | D:4      | Noticed Menkaure
  4380 | D:4      | Found a radiant altar of Vehumet.
  4413 | D:4      | Found a staircase to the Ecumenical Temple.
  4422 | Temple   | Entered the Ecumenical Temple
  4482 | Temple   | Became a worshipper of Cheibriados the Contemplative
  4532 | D:4      | Reached skill level 1 in Fighting
  4532 | D:4      | Reached skill level 1 in Maces & Flails
  4532 | D:4      | Reached skill level 1 in Armour
  4991 | D:4      | Killed Menkaure
  4992 | D:4      | Reached XP level 6. HP: 9/34 MP: 3/10
  5298 | D:4      | Noticed a steam dragon
  5318 | D:4      | Killed a steam dragon
  5319 | D:4      | Reached skill level 5 in Earth Magic
  5319 | D:4      | Reached XP level 7. HP: 23/38 MP: 11/11
  5622 | D:3      | Learned a level 2 spell: Passwall
  5626 | D:3      | Learned a level 3 spell: Stone Arrow
  6033 | D:4      | Found a basalt altar of Yredelemnul.
  6153 | D:4      | Found a white marble altar of Elyvilon.
  6189 | D:5      | Entered Level 5 of the Dungeon
  6255 | D:5      | Reached * piety under Cheibriados
  6494 | D:6      | Noticed Prince Ribbit
  6506 | D:6      | Slain by Prince Ribbit

Illustrated notes

Levels and vault maps discovered:
D:1:      onia_arrival_pyramid, layout_loops_ring, minmay_small_reverse_x
D:2:      layout_loops_cross, chequers_ecumenical_altar_simple_redux
D:3:      layout_loops_corners, serial_undead, serial_undead_c, serial_undead_e,
          serial_undead_c, serial_undead_b, minmay_gold_behind_fungi,
          wad_orctagon, uniq_jessica
D:4:      layout_gridville, kennysheep_ying_yang, lemuel_crystal_altar,
          old_standard_altar, minmay_temple_entry_junction, minmay_starry_boxes,
          uniq_menkaure
D:5:      minmay_spotlight, layout_basic, portal_sewer_entry_a
D:6:      corexii_shantytown, layout_basic, overflow_temple_1_default,
          uniq_maggie, uniq_crazy_yiuf_cottage, uniq_prince_ribbit1,
          uniq_blork_the_orc
Temple:   nicolae_temple_superstar

Skill      XL: |  1  2  3  4  5  6  7 |
---------------+----------------------+-----
Transmutations | 1 2 3 |  3.0
Conjurations   | 1 2 3 |  3.7
Earth Magic    | 4 5 |  5.6
Fighting       | 1 |  1.5
Maces & Flails | 1 |  1.3
Armour         | 1 |  1.4
Stealth        | 3 4 |  4.4
Spellcasting   | 3 |  3.8
Dodging        | |  1.5

Action                   |  1- 3 |  4- 6 |  7- 9 || total
-------------------------+-------+-------+-------++-------
Melee: Morningstar       |       |    44 |    13 ||    57
       Long sword        |       |     1 |       ||     1
       Punch             |       |     1 |       ||     1
 Cast: Sandblast         |    55 |    73 |    39 ||   167
       Stone Arrow       |       |       |    22 ||    22
  Use: Scroll            |       |     9 |     7 ||    16
       Potion            |       |       |     4 ||     4
Armor: Robe              |     6 |    20 |     5 ||    31
       Chain mail        |       |    27 |       ||    27
       Leather armour    |       |       |    14 ||    14
Dodge: Dodged            |     8 |    86 |    54 ||   148
